 Dungeon Crawl Stone Soup version 0.16.0-17-g811c1d7 (webtiles) character file.

12712 vatarom the Grappler (level 11, -2/105 (109) HPs)
             Began as a Troll Monk on Mar 21, 2015.
             Was a Priest of Ashenzari.
             Shot with a poisoned arrow by Nessos (5 damage)
             ... on level 12 of the Dungeon.
             The game lasted 00:19:40 (8941 turns).

vatarom the Grappler (Troll Monk)                   Turns: 8941, Time: 00:19:40

HP:   -2/105 (109)  AC: 14    Str: 19    XL:     11   Next: 66%
MP:   3/3           EV: 17    Int:  9    God:    Ashenzari [***...]
Gold: 485           SH:  0    Dex: 16    Spells: 0 memorised, 10 levels left

rFire  . . .     SeeInvis +       - Unarmed
rCold  + . .     Clarity  +     p - +3 steam dragon armour (curse)
rNeg   . . .     SustAb   .     (shield restricted)
rPois  .         Gourm    +     j - +0 hat (curse)
rElec  .         Spirit   .     l - +0 cloak (curse)
rCorr  .         Warding  .     (gloves unavailable)
rMut   .         Stasis   .     (boots unavailable)
MR     .....                    (no amulet)
Stlth  ++........               (no ring)
                                u - ring of protection from cold

@: lethally poisoned (-2 -> -15), very slightly contaminated, not resistant to
hostile enchantments, unstealthy
A: unfitting armour, claws 3, molten scales 1, thin skeletal structure 1, yellow
scales 1, agile 1, clarity, deformed body, fast metabolism 3, gourmand, low mp
1, regeneration 2, screaming 1, shaggy fur 1, spit poison 1, tough skin 2, weak
1
a: Spit Poison, Renounce Religion


You were on level 12 of the Dungeon.
You worshipped Ashenzari.
Ashenzari was most pleased with you.
You were not hungry.

You visited 2 branches of the dungeon, and saw 13 of its levels.

You collected 485 gold pieces.

Inventory:

Armour
 j - a cursed +0 hat (worn)
 l - a cursed +0 cloak (worn)
 p - a cursed +3 steam dragon armour (worn)
Jewellery
 k - an uncursed amulet of regeneration
 u - a ring of protection from cold (left claw)
 E - an uncursed ring of ice
 G - an uncursed ring of ice
Magical devices
 f - a wand of fireball (3)
 h - a wand of heal wounds (7)
 n - a wand of magic darts (34)
 o - a wand of draining (6)
 w - a wand of paralysis (19)
 x - a wand of flame (3)
 F - a wand of cold (8)
Scrolls
 m - a scroll of teleportation
 q - 5 scrolls of identify
 r - 3 scrolls of curse jewellery
 s - 2 scrolls of amnesia
 y - 3 scrolls of remove curse
 D - 2 scrolls of recharging
Potions
 e - 4 potions of cancellation
 t - a potion of magic
 A - a potion of brilliance
Comestibles
 a - 6 royal jellies
 c - 3 bread rations
 d - 7 beef jerkies
 i - 41 fruits
 v - 4 slices of pizza
 B - a meat ration


   Skills:
 - Level 7.0 Fighting
 + Level 7.1 Armour
 - Level 8.0(10.9) Dodging
 - Level 1.1(2.8) Stealth
 - Level 12.2 Unarmed Combat


You had 10 spell levels left.
You didn't know any spells.

Dungeon Overview and Level Annotations

Branches:
Dungeon (12/15)            Temple (1/1) D:4            Lair (0/8) D:8
    Orc (0/4) D:11

Altars:
Ashenzari
Cheibriados
Elyvilon
Fedhas
Gozag
Kikubaaqudgha
Makhleb
Nemelex Xobeh
Okawaru
Qazlal
Ru
Sif Muna
Trog
Vehumet
Xom
Yredelemnul
Zin
The Shining One

Shops:
D:4 (   D:9 [:=

Annotations:
D:11 exclusion: oklob plant
D:12 Nessos


Innate Abilities, Weirdness & Mutations

You are too large for most types of armour.
You have claws for hands.
Your metabolism is lightning-fast.
You like to eat raw meat.
You heal very quickly.
You are covered in fur (AC +1).
You have very tough skin (AC +2).
You are partially covered in molten scales (AC +1).
You have a somewhat thin skeletal structure (Dex +2, Stealth).
You are partially covered in yellow scales (AC +2).
You are agile. (Dex +2)
You possess an exceptional clarity of mind.
Armour fits poorly on your strangely shaped body.
Your magical capacity is low (-10% MP).
You occasionally shout uncontrollably at your foes.
You can spit poison.
You are weak. (Str -2)


Message History

Read which item? (? for menu, Esc to quit)
Blink to where?
Press: ? - help, Dir - move target cursor You are very lightly contaminated with residual magic.
As you read the scroll of blinking, it crumbles to dust.
You feel sick.
You feel sick.
Nessos shoots a poisoned arrow.
The poisoned arrow hits you!
* * * LOW HITPOINT WARNING * * *
The poisoned arrow burns you.
* * * LOW HITPOINT WARNING * * *
You are lethally poisoned!
There is an escape hatch in the floor here.
You see here a poisoned arrow.
Unknown command.
Drink which item? (? for menu, Esc to quit)
Okay, then.
* * * LOW HITPOINT WARNING * * *
You feel very sick.
Nessos shoots a poisoned arrow.
The poisoned arrow hits you.
You die...

..(...#######.# ######...##
..(...# *, #.......## #.....#
,*### #.####..# ###'### * ,..#
#.# #..# ##..)## ** #.# #.####..#
#.....## ####.# #.##....#
.......## ##.##.# ##.##...## #
........####...#.#####........###
........'.......@.......#####(..'
........####...#.#####..# #.###
...(...## ##.##.# #..# #.# #
#.....## ####.# #..# #.# ##.(.##
##.# #..#####.# ##)## #..#
#........# #(# #### ####.##
#####†#### #.# #.. ..##.#
#.###### ##.###.# #.##c# #.......


You could see Nessos.

Vanquished Creatures
  Fannar (D:12)
  Erolcha (D:11)
  A hill giant (D:10)
  A manticore (D:12)
  2 ugly things (D:11)
  A troll (D:11)
  A queen bee (D:9)
  Sonja (D:10)
  Grinder (D:3)
  3 slime creatures (D:10)
  3 wandering mushrooms (D:11)
  A wraith (D:11)
  2 wyverns
  Eustachio (D:10)
  A hungry ghost (D:10)
  2 hippogriffs
  A swamp drake (D:8)
  A soldier ant (D:12)
  A water moccasin (D:9)
  8 orc warriors
  3 ice beasts
  A black bear (D:7)
  2 sky beasts
  A necrophage (D:10)
  3 phantoms
  2 eyes of draining
  A wasp (D:8)
  7 centaurs
  3 ogres
  2 crocodiles (D:8)
  A big kobold (D:12)
  Sigmund (D:7)
  6 giant frogs
  7 wights
  3 scorpions
  25 killer bees (D:9)
  2 oklob saplings (D:11)
  A giant frog zombie (D:8)
  A goliath beetle (D:6)
  A centaur zombie (D:10)
  3 crimson imps
  2 giant frog skeletons
  8 hounds
  6 orc wizards
  3 jellies
  11 orc priests
  4 iguanas (D:8)
  6 worker ants
  Ijyb (D:7)
  3 hound skeletons
  A mummy (D:11)
  A worker ant zombie (D:8)
  4 gnolls (D:7)
  11 adders
  A shadow imp (D:8)
  2 worms
  2 adder zombies
  An adder skeleton (D:7)
  3 giant geckos
  An ooze (D:6)
  42 orcs
  2 ball pythons
  15 bats
  A bat skeleton (D:6)
  4 giant cockroaches
  13 hobgoblins
  A ball python zombie (D:5)
  5 giant newts
  A giant spore (D:7)
  10 goblins
  3 jackals (D:1)
  14 kobolds
  7 quokkas
  13 rats
  2 ballistomycetes (D:7)
314 creatures vanquished.

Vanquished Creatures (others)
  A giant gecko (D:8)
  13 toadstools (D:11)
14 creatures vanquished.

Grand Total: 328 creatures vanquished

Notes
Turn   | Place    | Note
--------------------------------------------------------------
     0 | D:1      | vatarom, the Troll Monk, began the quest for the Orb.
     0 | D:1      | Reached XP level 1. HP: 22/22 MP: 1/1
   293 | D:1      | Reached XP level 2. HP: 29/29 MP: 1/1
   598 | D:2      | Gained mutation: You are agile. (Dex +2) [potion of mutation]
   598 | D:2      | Gained mutation: You are partially covered in molten scales (AC +1). [potion of mutation]
   598 | D:2      | Gained mutation: You are partially covered in yellow scales (AC +2). [potion of mutation]
   760 | D:2      | Reached XP level 3. HP: 36/36 MP: 2/2
  1494 | D:3      | Reached XP level 4. HP: 22/40 MP: 2/2
  1608 | D:3      | Noticed Grinder
  1622 | D:3      | Killed Grinder
  1622 | D:3      | Reached skill level 5 in Dodging
  1622 | D:3      | Reached XP level 5. HP: 32/46 MP: 2/2
  1622 | D:3      | Reached XP level 6. HP: 38/55 MP: 3/3
  1940 | D:4      | Reached skill level 6 in Dodging
  1988 | D:4      | Found an opulent altar of Gozag.
  2115 | D:4      | Found Triphoig's Antique Weapon Shop.
  2316 | D:4      | Found a staircase to the Ecumenical Temple.
  2332 | Temple   | Entered the Ecumenical Temple
  2628 | D:5      | Entered Level 5 of the Dungeon
  2654 | D:5      | Reached XP level 7. HP: 57/62 MP: 3/3
  2757 | D:5      | Got a shimmering robe
  2768 | D:5      | Identified the cursed +0 robe "Cusufu Smoi" {-Cast Contam rF+ rN++} (You found it on level 5 of the Dungeon)
  2868 | D:5      | Reached skill level 7 in Dodging
  3221 | D:6      | Reached skill level 8 in Dodging
  3346 | D:6      | Reached XP level 8. HP: 70/70 MP: 3/3
  3476 | D:6      | Gained mutation: Armour fits poorly on your strangely shaped body. [mutagenic glow]
  3648 | D:6      | Found a shimmering altar of Xom.
  3650 | D:6      | Found a shimmering altar of Xom.
  3653 | D:6      | Found a shimmering altar of Xom.
  3653 | D:6      | Found a shimmering altar of Xom.
  3736 | D:6      | Found a shimmering altar of Xom.
  3946 | D:6      | Found a shattered altar of Ashenzari.
  3949 | D:6      | Found a sacrificial altar of Ru.
  3953 | D:6      | Became a worshipper of Ashenzari the Shackled
  3953 | D:6      | Acquired Ashenzari's first power
  3957 | D:6      | Found a snail-covered altar of Cheibriados.
  3960 | D:6      | Found a bloodstained altar of Trog.
  4232 | D:7      | Reached skill level 5 in Fighting
  4344 | D:7      | Noticed Ijyb
  4353 | D:7      | Killed Ijyb
  4675 | D:7      | Noticed Sigmund
  4681 | D:7      | Killed Sigmund
  4681 | D:7      | Reached XP level 9. HP: 73/88 MP: 4/4
  4986 | D:8      | Reached skill level 5 in Unarmed Combat
  5274 | D:8      | Found a staircase to the Lair.
  5827 | D:9      | Found Trasexe's Antique Armour Shop.
  5935 | D:9      | Found Ylichekh's Jewellery Shop.
  6011 | D:9      | Reached skill level 9 in Unarmed Combat
  6122 | D:9      | Reached XP level 10. HP: 91/98 MP: 4/4
  6152 | D:9      | Found Faorch's Book Emporium.
  6272 | D:9      | Gained mutation: You occasionally shout uncontrollably at your foes. [potion of mutation]
  6272 | D:9      | Gained mutation: You can spit poison. [potion of mutation]
  6272 | D:9      | Gained mutation: You are weak. (Str -2) [potion of mutation]
  6358 | D:9      | Reached skill level 10 in Unarmed Combat
  6794 | D:10     | Entered Level 10 of the Dungeon
  6812 | D:10     | Reached skill level 11 in Unarmed Combat
  6841 | D:10     | Noticed Sonja
  6846 | D:10     | Killed Sonja
  6854 | D:10     | Noticed a hill giant
  6863 | D:10     | Killed a hill giant
  6878 | D:10     | Noticed Eustachio
  6894 | D:10     | Reached skill level 12 in Unarmed Combat
  6899 | D:10     | Killed Eustachio
  7040 | D:10     | Reached skill level 1 in Armour
  7170 | D:10     | Acquired Ashenzari's second power
  7287 | D:10     | Reached XP level 11. HP: 105/105 MP: 4/4
  7409 | D:11     | Noticed Erolcha
  7418 | D:11     | Killed Erolcha
  7515 | D:11     | Found a staircase to the Orcish Mines.
  7773 | D:11     | Found a blossoming altar of Fedhas.
  7781 | D:11     | Reached skill level 5 in Armour
  7959 | D:11     | Gained mutation: You have a somewhat thin skeletal structure (Dex +2, Stealth). [mutagenic meat]
  7960 | D:11     | Gained mutation: You possess an exceptional clarity of mind. [mutagenic meat]
  7961 | D:11     | Gained mutation: Your magical capacity is low (-10% MP). [mutagenic meat]
  8177 | D:11     | Found a blossoming altar of Fedhas.
  8421 | D:12     | Noticed Fannar
  8436 | D:12     | Killed Fannar
  8777 | D:12     | Noticed Nessos
  8941 | D:12     | HP: 3/105 [poisoned by Nessos]
  8941 | D:12     | Shot with a poisoned arrow by Nessos

Action                   |  1- 3 |  4- 6 |  7- 9 | 10-12 || total
-------------------------+-------+-------+-------+-------++-------
Melee: Unarmed           |   103 |    73 |   351 |   294 ||   821
Evoke: Wand              |       |       |     1 |       ||     1
  Use: Potion            |     7 |     1 |     4 |    10 ||    22
       Scroll            |     8 |     1 |    11 |     6 ||    26
 Stab: Sleeping          |     2 |       |     2 |     5 ||     9
       Confused          |       |       |     1 |       ||     1
       Distracted        |       |       |       |     2 ||     2
  Eat: Meat ration       |     3 |       |       |     2 ||     5
       Fruit             |       |     4 |       |       ||     4
       Chunk             |       |     1 |    27 |     8 ||    36
       Bread ration      |       |     1 |     1 |       ||     2
       Pizza             |       |     1 |       |       ||     1
       Royal jelly       |       |       |     1 |     4 ||     5
